 Dungeon Crawl Stone Soup version 0.23-a0-473-gc8aadda88e (webtiles) character file.

37 LostNumber the Caller (level 3, -3/26 HPs)
             Began as a Mummy Summoner on Nov 28, 2018.
             Slain by an orc priest
             ... wielding a +0 short sword
              (9 damage)
             ... on level 3 of the Dungeon.
             The game lasted 00:06:50 (3414 turns).

LostNumber the Caller (Mummy Summoner)              Turns: 3414, Time: 00:06:51

Health: -3/26      AC:  3    Str: 11    XL:     3   Next: 21%
Magic:  2/7        EV: 12    Int: 15    God:
Gold:   136        SH:  0    Dex: 12    Spells: 5/8 levels left

rFire    x . .     SeeInvis .   q - +0 spear
rCold    + . .     Gourm    .   (no shield)
rNeg     + + +     Faith    .   a - +0 robe
rPois    ∞         Spirit   .   (no helmet)
rElec    .         Reflect  .   (no cloak)
rCorr    .         Harm     .   l - +0 pair of gloves
MR       .....                  (no boots)
Stlth    ++........             (no amulet)
HPRegen  0.08/turn              (no ring)
MPRegen  0.10/turn              (no ring)

@: no status effects
A: no food or potions, fire vulnerability, cold resistance 1, negative energy
resistance 3, torment resistance, unbreathing
a: no special abilities


You were on level 3 of the Dungeon.
You were not hungry.

You visited 1 branch of the dungeon, and saw 4 of its levels.

You collected 136 gold pieces.

Inventory:

Hand Weapons
 c - a +0 club
 i - a +0 short sword
 q - a +0 spear (weapon)
Armour
 a - a +0 robe (worn)
 j - a +0 leather armour
 l - a +0 pair of gloves (worn)
Jewellery
 h - an uncursed amulet of harm {unknown}
 m - an uncursed amulet of the gourmand {unknown}
 o - an uncursed amulet of magic regeneration {unknown}
Wands
 p - a wand of enslavement (6)
Scrolls
 b - 4 scrolls of remove curse {unknown}
 d - a scroll of amnesia {unknown}
 e - a scroll of random uselessness {unknown}
 f - 5 scrolls of identify {unknown}
 g - 2 scrolls of fear {unknown}
 k - 2 scrolls of immolation {unknown}
 n - 2 scrolls of teleportation {unknown}


   Skills:
 + Level 1.1 Fighting
 + Level 0.0 Polearms
 - Level 1.5 Dodging
 - Level 1.5 Stealth
 + Level 3.3 Spellcasting
 * Level 3.7 Summonings


You had 5 spell levels left.
You knew the following spells:

 Your Spells              Type           Power        Failure   Level  Hunger
a - Summon Small Mammal   Summ           ##..         4%          1    N/A
b - Call Imp              Summ           ##......     6%          2    N/A

Your spell library contained the following spells:

 Spells                   Type           Power        Failure   Level  Hunger
 Call Canine Familiar     Summ           ##......     12%         3    N/A
 Summon Guardian Golem    Hex/Summ       #.......     26%         3    N/A
 Summon Ice Beast         Ice/Summ       #.......     65%         4    N/A
 Summon Lightning Spire   Summ/Air       #.......     65%         4    N/A

Dungeon Overview and Level Annotations

Branches:
Dungeon (4/15)
 Temple: D:4-7

Altars:
Cheibriados
Fedhas
Makhleb
Trog
Vehumet
The Shining One


Innate Abilities, Weirdness & Mutations

You do not eat or drink.
Your flesh is vulnerable to fire.
You are immune to poison.
Your flesh is cold resistant. (rC+)
You are immune to negative energy. (rN+++)
You are immune to unholy pain and torment.
You can survive without breathing.


Message History

* * * LOW HITPOINT WARNING * * *
You hit the orc priest but do no damage.
The orc priest is lightly wounded.
Your iron imp hits the orc priest.
Your crimson imp hits the orc priest but does no damage.
Your crimson imp hits the orc priest.
The orc priest completely misses you.
The orc priest hits you with a +0 short sword.
* * * LOW HITPOINT WARNING * * *
You hit the orc priest but do no damage.
The orc priest is moderately wounded.
Your crimson imp closely misses the orc priest.
Your crimson imp blinks!
Your iron imp hits the orc priest.
The orc priest barely misses your iron imp.
The orc priest hits you but does no damage.
You hit the orc priest but do no damage.
The orc priest is severely wounded.
Your crimson imp blinks!
The orc priest hits you with a +0 short sword!
You die...

#.#.######.#.###
#.#5#....#.#.# #.#.#.#..#.#.#
###'#5#...<#.#.#
#.....#.####.#.#####
#.....#......#......
#########
#..§5§########.#####
#.......# #.o.o..........#
#.......# #..@.####......#
#......%# ###'##.........#
#.......# #.##.##......#
#.......# #..#.##......#
#....######## ##.#.##......#
#...........####...##......#
#...........##.....##......#
##...........##.....#######.#
.............''......###
#.#####


You could see 2 orc priests, a friendly iron imp and 2 friendly crimson imps.

Vanquished Creatures
  A worm (D:2)
  2 bats
  A giant cockroach (D:1)
  5 goblins
  2 hobgoblins
  A ball python (D:1)
  2 frilled lizards (D:2)
  2 kobolds (D:2)
  3 rats
19 creatures vanquished.

Vanquished Creatures (collateral kills)
  An adder (D:2)
  A giant cockroach (D:1)
  A goblin (D:1)
  3 hobgoblins (D:1)
  3 jackals (D:1)
  A bat (D:3)
  A frilled lizard (D:1)
  3 kobolds
  2 rats (D:1)
16 creatures vanquished.

Grand Total: 35 creatures vanquished

Notes
Turn   | Place    | Note
-------+----------+-------------------------------------------
     0 | D:1      | LostNumber the Mummy Summoner began the quest for the Orb.
     0 | D:1      | Reached XP level 1. HP: 13/13 MP: 4/4
   497 | D:1      | Reached XP level 2. HP: 7/20 MP: 1/5
   501 | D:1      | Learned a level 2 spell: Call Imp
  1966 | D:2      | Reached skill level 1 in Fighting
  2218 | D:2      | Found a glowing golden altar of the Shining One.
  2270 | D:2      | Reached XP level 3. HP: 22/26 MP: 2/7
  2949 | D:3      | Found a burning altar of Makhleb.
  3072 | D:3      | Found a blossoming altar of Fedhas.
  3119 | D:3      | Found a snail-covered altar of Cheibriados.
  3119 | D:3      | Found a bloodstained altar of Trog.
  3119 | D:3      | Found a radiant altar of Vehumet.
  3119 | D:3      | Found a glowing golden altar of the Shining One.
  3414 | D:3      | Slain by an orc priest

Vault maps used:
D:1:      sevenhm_arrival_forest_fort_large_2, minmay_hedge_maze
D:2:      interstate_on_off, hangedman_abyss_or_decor_stabs,
          serial_bayou_lagoon_a, tso_metal_star
D:3:      chequers_temple_overflow_statue_of_worship, lemuel_doored_altar,
          bloody_makhleb
D:4:      first_ration, minmay_misc_feat_roman,
          nicolae_ru_great_annihilating_truth, uniq_ijyb

Skill      XL: |  1  2 |
---------------+-------+-----
Spellcasting   | 3 |  3.3
Fighting       | 1 |  1.1
Dodging        | |  1.5
Stealth        | |  1.5
Summonings     | |  3.7

Action                   || total
-------------------------++-------
Melee: Unarmed           ||    17
       Club              ||    79
       Short sword       ||    10
       Spear             ||     6
 Cast: Summon Small Mamm ||    16
       Call Imp          ||    19
 Stab: Sleeping          ||     3
       Distracted        ||     1
Armor: Robe              ||    32
Dodge: Dodged            ||   109

Table legend:
 A = Non-vault XP
 B = Vault XP
 C = Vault XP percentage of total XP
 D = Non-vault monster count
 E = Vault monster count
 F = Vault count percentage of total count
                 A         B        C        D         E       F
            +---------+---------+-------+---------+---------+-------
      Total |      53 |       0 |   0.0 |      35 |       0 |   0.0
            +---------+---------+-------+---------+---------+-------
        D:1 |      27 |       0 |   0.0 |      21 |       0 |   0.0
        D:2 |      22 |       0 |   0.0 |      11 |       0 |   0.0
        D:3 |       4 |       0 |   0.0 |       3 |       0 |   0.0
            +---------+---------+-------+---------+---------+-------
